 Dungeon Crawl Stone Soup version 0.16.1-4-g8e1b745 (webtiles) character file.

5420 esc the Protected (level 10, 0/63 HPs)
             Began as a Gargoyle Gladiator on Mar 26, 2015.
             Was an Elder of Ru.
             Killed by divine providence
             ... invoked by an orc high priest
              (14 damage)
             ... on level 4 of the Orcish Mines.
             The game lasted 00:45:04 (10187 turns).

esc the Protected (Gargoyle Gladiator)             Turns: 10187, Time: 00:45:04

Health: 0/63       AC: 12    Str: 19    XL:     10   Next: 67%
Magic:  19/19      EV:  9    Int:  9    God:    Ru [****..]
Gold:   1023       SH:  0    Dex: 13    Spells: 0 memorised, 9 levels left

rFire  + . .     SeeInvis +     a - +2 dire flail (holy)
rCold  . . .     Clarity  .     u - +4 plate armour of the Falcon {rPois Regen+ MP+9 Slay+3}
rNeg   + + .     SustAb   .     (no shield)
rPois  ∞         Gourm    .     c - +0 helmet
rElec  +         Spirit   .     x - +0 cloak
rCorr  .         Warding  .     D - +0 pair of gloves
rMut   .         Stasis   .     (no boots)
MR     +....                    I - amulet "Xiegothre" {+Rage rN+ MR+}
Stlth  ..........               w - ring of protection from fire
                                g - ring of see invisible

@: exhausted, corroded equipment, no scrolls, drained, somewhat resistant to
hostile enchantments, extremely unstealthy
A: negative energy resistance 1, electricity resistance, unbreathing,
petrification resistance, rot immunity, inability to read while threatened, no
air magic, no hexes magic, no summoning magic, vulnerability to harm 1,
inexperienced 1, AC +7
a: Draw Out Power, Power Leap, Renounce Religion, Evoke Berserk Rage


You were on level 4 of the Orcish Mines.
You worshipped Ru.
Ru was greatly pleased with you.
You were hungry.

You visited 2 branches of the dungeon, and saw 13 of its levels.

You collected 1023 gold pieces.

Inventory:

Hand weapons
 a - a +2 dire flail of holy wrath (weapon)
Missiles
 d - 3 throwing nets (quivered)
Armour
 c - a +0 helmet (worn)
 u - the +4 plate armour of the Falcon (worn) {rPois Regen+ MP+9 Slay+3}
   (You found it on level 7 of the Dungeon)

   It affects your accuracy and damage with ranged weapons and melee attacks
   (+3).
   It protects you from poison.
   It affects your magic capacity (+9).
   It increases your rate of regeneration.
 x - a +0 cloak (worn)
 D - a +0 pair of gloves (worn)
Jewellery
 g - a ring of see invisible (left hand)
 i - an uncursed amulet of resist mutation
 r - an uncursed amulet of faith
 s - an uncursed amulet of regeneration
 w - a ring of protection from fire (right hand)
 I - the amulet "Xiegothre" (around neck) {+Rage rN+ MR+}
   (You found it on level 7 of the Dungeon)

   [amulet of rage]

   It protects you from negative energy.
   It affects your resistance to hostile enchantments.
   It lets you go berserk.
 T - an uncursed amulet of clarity
 U - a +5 ring of intelligence
Magical devices
 m - a wand of lightning (5)
 n - a wand of magic darts (8)
 y - a wand of digging (13)
 F - a wand of magic darts (21)
 H - a wand of draining (0)
 L - a wand of disintegration (7)
 O - a wand of slowing (7)
Scrolls
 h - 2 scrolls of fog
 p - 3 scrolls of identify
 t - 5 scrolls of enchant armour
 z - a scroll of recharging
 E - 2 scrolls of blinking
 G - 2 scrolls of remove curse
 K - a scroll of fear
 Y - 3 scrolls of enchant weapon
Potions
 e - 2 potions of haste
 q - 2 potions of magic
 v - a potion of cure mutation
 A - 2 potions of resistance
 J - 2 potions of flight
 M - a potion of ambrosia
 N - 2 potions of curing
 Q - a potion of agility
 R - 2 potions of heal wounds
 V - 2 potions of restore abilities
Books
 j - a book of the Tempests

   Spells                             Type                      Level
   a - Static Discharge               Conjuration/Air              3
   b - Lightning Bolt                 Conjuration/Air              5
   c - Fireball                       Conjuration/Fire             5
   d - Tornado                        Air                          9
   e - Shatter                        Earth                        9
 C - an Akashic Record {highlevel, unknown}

   This book is beyond your current level of understanding.

   Spells                             Type                      Level
   a - Dispersal                      Translocation                6
   b - Controlled Blink               Translocation                7
   c - Malign Gateway                 Summoning/Translocation      7
   d - Disjunction                    Translocation                8
   e - Singularity                    Translocation                9
 X - a book of Callings

   Spells                             Type                      Level
   a - Summon Small Mammal            Summoning                    1
   b - Call Imp                       Summoning                    2
   c - Call Canine Familiar           Summoning                    3
   d - Summon Guardian Golem          Hexes/Summoning              4
   e - Summon Lightning Spire         Summoning/Air                4
   f - Summon Ice Beast               Ice/Summoning                4
Miscellaneous
 S - a plain deck of wonders {drawn: 4}
Comestibles
 b - a royal jelly
 f - 5 bread rations
 k - 26 fruits
 l - a beef jerky
 o - a slice of pizza
 B - 4 meat rations
 W - 19 chunks of flesh


   Skills:
 - Level 7.3(6.9) Fighting
 - Level 8.8(8.4) Maces & Flails
 - Level 2.0(1.6) Throwing
 - Level 11.0(10.6) Armour
 + Level 8.0(7.6) Dodging


You had 9 spell levels left.
You didn't know any spells.

Dungeon Overview and Level Annotations

Branches:
Dungeon (9/15)             Temple (0/1) D:6             Orc (4/4) D:9
   Lair: D:8-11         Elf: Orc:3-4

Altars:
Ashenzari
Cheibriados
Elyvilon
Fedhas
Gozag
Makhleb
Nemelex Xobeh
Ru
Sif Muna
Vehumet
Zin

Shops:
D:7 =   D:8 :   D:9 (   Orc:1 !   Orc:2 (

Annotations:
D:3 Prince Ribbit


Innate Abilities, Weirdness & Mutations

You are resistant to torment.
You are immune to poison.
Your stone body is very resilient (AC +7).
You resist negative energy.
You are resistant to electric shocks.
You can survive without breathing.
You are immune to petrification.
You are immune to rotting.
You cannot read scrolls while threatened.
You cannot study or cast Air magic.
You cannot study or cast Hexes magic.
You cannot study or cast Summoning magic.
You take slightly more damage. (-3 AC)
You are somewhat inexperienced (-2 XL).


Message History

The orc hits you from afar with a trident.
* * * LOW HITPOINT WARNING * * *
Use which ability? (? or * to list)
Okay, then.
Use which ability? (? or * to list)
You are restored by drawing out deep reserves of power within.
You feel drained. The sixfirhy barely misses you.
The sixfirhy closely misses you. The orc wizard barely misses you.
The rust devil is stunned by your will and fails to attack.
The sixfirhy hits you but does no damage.
The soul eater hits you! The sixfirhy hits you. The sixfirhy shocks you.
You resist.
You focus your will and slow the sixfirhy in retribution!
The sixfirhy hits you!
* * * LOW HITPOINT WARNING * * *
The sixfirhy shocks you. You resist.
* * * LOW HITPOINT WARNING * * *
The orc high priest mumbles some strange prayers to Beogh against you.
Something smites you!
You die...

. ##.........
.##.........#.
..............
##..$.........
..###............#
........o))).......
........o)4[$......
##....#oo43).......
........@.........
..............#...
###..............
#....#.......#
#..###....#.. #..<
##.#... #. #.... #
...


You could see a soul eater, an orc high priest, a rust devil, a sixfirhy, an orc
wizard (invisible) and 2 orcs.

Vanquished Creatures
  Donald (Orc:3)
  3 trolls
  3 hippogriffs
  Eustachio (D:8)
  4 wargs (Orc:3)
  A sky beast (D:5)
  4 ice beasts
  A black bear (D:7)
  5 ogres
  A phantom (D:6)
  5 orc warriors
  7 centaurs
  4 big kobolds
  A gnoll sergeant (D:8)
  2 giant frogs (D:7)
  4 scorpions
  5 killer bees (D:9)
  3 wights (D:8)
  3 crimson imps
  A centaur zombie (D:8)
  4 goliath beetles
  9 orc priests
  2 giant frog skeletons
  3 hounds
  A centaur skeleton (D:8)
  27 orc wizards
  7 worker ants
  An iguana (D:8)
  A hound zombie (D:5)
  13 adders
  4 gnolls (D:8)
  3 giant mites
  2 shadow imps
  4 worms
  An adder zombie (D:9)
  An adder skeleton (D:5)
  3 giant geckos
  92 orcs
  12 giant cockroaches
  23 hobgoblins
  6 jackals
  31 kobolds
  4 quokkas
  6 ball pythons
  10 bats
  A giant gecko zombie (D:5)
  11 giant newts
  17 goblins
  12 rats
  A plant (D:1)
371 creatures vanquished.

Vanquished Creatures (others)
  A centaur (D:6)
  An orc wizard (Orc:3)
  A gnoll (D:8)
  An orc (Orc:2)
  A goblin (D:7)
5 creatures vanquished.

Grand Total: 376 creatures vanquished

Notes
Turn   | Place    | Note
--------------------------------------------------------------
     0 | D:1      | esc, the Gargoyle Gladiator, began the quest for the Orb.
     0 | D:1      | Reached XP level 1. HP: 12/12 MP: 1/1
   262 | D:1      | Reached XP level 2. HP: 14/17 MP: 2/2
  1060 | D:2      | Reached XP level 3. HP: 22/22 MP: 3/3
  1203 | D:2      | Reached XP level 4. HP: 19/27 MP: 4/4
  1258 | D:2      | Reached skill level 1 in Armour
  1749 | D:3      | Found a sacrificial altar of Ru.
  1761 | D:3      | Became a worshipper of Ru the Awakened
  1819 | D:3      | Reached skill level 4 in Maces & Flails
  1819 | D:3      | Reached XP level 5. HP: 28/32 MP: 5/5
  2410 | D:4      | Noticed an ogre
  2464 | D:4      | Noticed Prince Ribbit
  2725 | D:4      | Killed an ogre
  2725 | D:4      | Reached XP level 6. HP: 31/37 MP: 6/6
  3093 | D:4      | Found a white marble altar of Elyvilon.
  3107 | D:4      | Reached skill level 5 in Maces & Flails
  3189 | D:4      | Found a radiant altar of Vehumet.
  3224 | D:4      | Found a shattered altar of Ashenzari.
  3327 | D:4      | Gained mutation: You cannot study or cast Air magic. [Ru sacrifice]
  3327 | D:4      | Gained mutation: You cannot study or cast Hexes magic. [Ru sacrifice]
  3327 | D:4      | Gained mutation: You cannot study or cast Summoning magic. [Ru sacrifice]
  3327 | D:4      | Acquired Ru's first power
  3509 | D:4      | Found a burning altar of Makhleb.
  3712 | D:5      | Entered Level 5 of the Dungeon
  3775 | D:5      | Reached XP level 7. HP: 28/41 MP: 7/7
  4154 | D:5      | Reached skill level 6 in Maces & Flails
  4154 | D:5      | Reached skill level 5 in Armour
  4230 | D:5      | Found a glowing silver altar of Zin.
  4230 | D:5      | Found an opulent altar of Gozag.
  4397 | D:5      | Reached XP level 8. HP: 46/46 MP: 8/8
  4662 | D:6      | Found a staircase to the Ecumenical Temple.
  4758 | D:6      | Reached skill level 7 in Maces & Flails
  5118 | D:6      | Found a blossoming altar of Fedhas.
  5373 | D:6      | Gained mutation: You cannot read scrolls while threatened. [Ru sacrifice]
  5373 | D:6      | Acquired Ru's second power
  5382 | D:6      | Reached skill level 5 in Fighting
  5387 | D:6      | Reached XP level 9. HP: 11/54 MP: 9/9
  5846 | D:7      | Got a spiked plate armour
  5857 | D:7      | Identified the +4 plate armour of the Falcon {rPois Regen+ MP+9 Slay+3} (You found it on level 7 of the Dungeon)
  6045 | D:7      | Found Velaruuc's Jewellery Shop.
  6143 | D:7      | Got a pitted bone amulet
  6145 | D:7      | Identified the amulet "Xiegothre" {+Rage rN+ MR+} (You found it on level 7 of the Dungeon)
  6330 | D:7      | Reached skill level 8 in Armour
  6480 | D:8      | Noticed Eustachio
  6511 | D:8      | Killed Eustachio
  6635 | D:8      | Reached skill level 9 in Armour
  6767 | D:8      | Found a glowing silver altar of Zin.
  7033 | D:8      | Reached skill level 10 in Armour
  7064 | D:8      | Found a sparkling altar of Nemelex Xobeh.
  7299 | D:8      | Reached XP level 10. HP: 60/60 MP: 10/10
  7483 | D:8      | Found Baol's Book Shoppe.
  7501 | D:8      | Gained mutation: You are somewhat inexperienced (-2 XL). [Ru sacrifice]
  7501 | D:8      | Reached XP level 9. HP: 55/55 MP: 18/18
  7501 | D:8      | Reached XP level 8. HP: 51/51 MP: 17/17
  7501 | D:8      | Acquired Ru's third power
  7917 | D:9      | Reached skill level 5 in Dodging
  8048 | D:9      | Reached XP level 9. HP: 45/56 MP: 9/9
  8199 | D:9      | Found Turhuu's Weapon Shoppe.
  8201 | D:9      | Found a staircase to the Orcish Mines.
  8370 | D:9      | Noticed a troll
  8379 | D:9      | Killed a troll
  8594 | D:9      | Found a snail-covered altar of Cheibriados.
  8714 | D:9      | Found a deep blue altar of Sif Muna.
  8793 | Orc:1    | Entered Level 1 of the Orcish Mines
  8793 | Orc:1    | Found Piashreacw's Distillery.
  8931 | Orc:1    | Reached skill level 11 in Armour
  8983 | Orc:2    | Found Eguu's Weapon Emporium.
  9270 | Orc:2    | Gained mutation: You take slightly more damage. (-3 AC) [Ru sacrifice]
  9270 | Orc:2    | Acquired Ru's fourth power
  9349 | Orc:3    | Reached XP level 10. HP: 34/63 MP: 10/10
  9437 | Orc:3    | Noticed Donald
  9468 | Orc:3    | Killed Donald
 10149 | Orc:4    | Entered Level 4 of the Orcish Mines
 10162 | Orc:4    | Noticed an orc high priest
 10167 | Orc:4    | Noticed a rust devil
 10167 | Orc:4    | Noticed a soul eater
 10168 | Orc:4    | Noticed a sixfirhy
 10187 | Orc:4    | Killed from afar by an orc high priest

Action                   |  1- 3 |  4- 6 |  7- 9 | 10-12 || total
-------------------------+-------+-------+-------+-------++-------
Melee: Flail             |   144 |   244 |   436 |       ||   824
       Morningstar       |       |       |   405 |   128 ||   533
       Dire flail        |       |       |       |    83 ||    83
Throw: Throwing net      |       |     1 |       |       ||     1
Invok: Sacrifice Arcana  |       |     1 |       |       ||     1
       Sacrifice Words   |       |       |     1 |       ||     1
       Sacrifice Experie |       |       |     1 |       ||     1
       Sacrifice Health  |       |       |     1 |       ||     1
       Draw Out Power    |       |       |       |     1 ||     1
Evoke: Wand              |       |       |     5 |     3 ||     8
       Deck              |       |       |     2 |     2 ||     4
  Use: Scroll            |     3 |    11 |     9 |     5 ||    28
       Potion            |       |     1 |     3 |       ||     4
 Stab: Invisible         |       |       |     3 |     1 ||     4
       Distracted        |       |       |     2 |     1 ||     3
  Eat: Chunk             |     1 |     5 |    19 |     3 ||    28
       Meat ration       |       |     1 |       |       ||     1
